cohdb
Replays
Latest Replays
All Replays
Popular Replays
Top Player Replays
Match Explorer
How It Works
Community
CoH3 Stats
Reddit
Sign in to upload your games and track your stats! →
Sign in with Steam
Match 48445016
Unlisted
Match 48445016
Overview
Messages
Build Orders
End
Kradschützen Motorcycle Team
Panzerpioneer Squad
Panzergrenadier Squad
Panzergrenadier Squad
Selects Panzerjäger Kommand Battlegroup
Construct Light Support Kompanie
MG34 Team
Selects GrB 39 Grenade Launcher Requisition
Panzerjäger Mechanized Group
2.5-tonne Medical Truck
Combat Half-tracks
Selects Blockade Equipment
Selects Defensive Positions
Fire Support Elements
Construct Mechanized Kompanie
Veteran Squad Leaders
254 Reconnaissance Tractor
Pak 38 Mechanized Group
Construct Panzerarmee Kommand
Selects Butterfly Bomb Drop
Flak 36 Anti-tank Gun Team
CommieRed
Thank You Chef
StormAries
FrodoBagginYa
0
0
Comments
sign in to comment!
No comments posted yet!